PA
PUT-IN-BAY BC @ SOUTH BEACH BLAZE
08/05/2020
 
TOP OF THE 1ST
Put-In-Bay BC batting - Pitching for South Beach Blaze : RHP Rafael García
Pitching: RHP Rafael García
Batting: LHB José Ortega 0-0: Called Strike
0-1: Ball
1-1: Foul Ball, location: 2F
1-2: SINGLE (Line Drive, 4MD)
Batting: RHB Eddie Davis 0-0: Ball
1-0: Called Strike
1-1: Ball
2-1: Ball
3-1: Foul Ball, location: 2F
3-2: Ground out 6-3 (Groundball, 6)
José Ortega to second
Batting: LHB Yannick Hendriksen 0-0: Ball
1-0: Called Strike
1-1: Ball
2-1: Ball
3-1: Base on Balls
Batting: RHB Pil-joong Pak 0-0: Called Strike
0-1: Ball
1-1: Ball
2-1: Ball
3-1: Base on Balls
José Ortega to third
Yannick Hendriksen to second
Batting: RHB Pedro Pérez 0-0: Called Strike
0-1: Ball
1-1: Called Strike
1-2: Ball
2-2: Foul Ball, location: 2F
2-2: Fly out, F9 (Flyball, 9S)
Batting: RHB Carlos Trujillo 0-0: Called Strike
0-1: Swinging Strike
0-2: Ball
1-2: SINGLE (Line Drive, 8RS)
José Ortega scores
Yannick Hendriksen to third
Pil-joong Pak to second
Runner from 3rd tries for Home, SAFE, no throw or cutoff
Batting: RHB José Canó 0-0: Called Strike
0-1: Ball
1-1: Called Strike
1-2: Strikes out swinging
Top of the 1st over - 2 run(s), 2 hit(s), 0 error(s), 2 left on base; Put-In-Bay 2 - South Beach 0
BOTTOM OF THE 1ST
South Beach Blaze batting - Pitching for Put-In-Bay BC : LHP Brandeis Vogt
Pitching: LHP Brandeis Vogt
Batting: RHB Jorge Maestas 0-0: Called Strike
0-1: Called Strike
0-2: Ball
1-2: Strikes out swinging
Batting: LHB Tomás Mejía 0-0: Ball
1-0: Foul Ball, location: 2F
1-1: Foul Ball, location: 2F
1-2: Fly out, F3 (Popup, 34)
Batting: RHB León Domínguez 0-0: Ball
1-0: Foul Ball, location: 2F
1-1: Ground out 6-3 (Groundball, 6M)
Bottom of the 1st over - 0 run(s), 0 hit(s), 0 error(s), 0 left on base; Put-In-Bay 2 - South Beach 0
TOP OF THE 2ND
Put-In-Bay BC batting - Pitching for South Beach Blaze : RHP Rafael García
Batting: LHB Felipe Martínez 0-0: Ball
1-0: Ball
2-0: Ball
3-0: Base on Balls
Batting: SHB Álex Gutiérrez 0-0: Ball
1-0: Ball
2-0: DOUBLE (Flyball, 7LD)
Felipe Martínez to third
Batting: LHB José Ortega 0-0: Called Strike
0-1: SINGLE (Line Drive, 56D)
Felipe Martínez scores
Álex Gutiérrez to third
Batting: RHB Eddie Davis 0-0: Called Strike
0-1: Foul Ball, location: 2F
0-2: Ball
1-2: Strikes out swinging
Batting: LHB Yannick Hendriksen 0-0: Foul Ball, location: 2F
0-1: Ball
1-1: Ball
Pickoff Throw to First - Error! E1
Álex Gutiérrez scores
José Ortega to second
2-1: Foul Ball, location: 2F
2-2: Ground out 4-3 (Groundball, 34)
José Ortega to third
Batting: RHB Pil-joong Pak 0-0: Called Strike
0-1: Ball
1-1: Fly out, F9 (Flyball, 89M)
Top of the 2nd over - 2 run(s), 2 hit(s), 1 error(s), 1 left on base; Put-In-Bay 4 - South Beach 0
BOTTOM OF THE 2ND
South Beach Blaze batting - Pitching for Put-In-Bay BC : LHP Brandeis Vogt
Batting: RHB Lloyd Alberink 0-0: Swinging Strike
0-1: Fly out, F2 (Popup, 2LF)
Batting: RHB Randy Rehling 0-0: Ball
1-0: Swinging Strike
1-1: Foul Ball, location: 2F
1-2: Strikes out swinging
Batting: RHB Júlio Molina 0-0: Ball
1-0: Foul Ball, location: 2F
1-1: Ball
2-1: Fly out, F9 (Flyball, 89M)
Bottom of the 2nd over - 0 run(s), 0 hit(s), 0 error(s), 0 left on base; Put-In-Bay 4 - South Beach 0
TOP OF THE 3RD
Put-In-Bay BC batting - Pitching for South Beach Blaze : RHP Rafael García
Batting: RHB Pedro Pérez 0-0: Ball
1-0: Swinging Strike
1-1: Fly out, F8 (Popup, 6MD)
Batting: RHB Carlos Trujillo 0-0: Ball
1-0: Ground out 5-3 (Groundball, 56S)
Batting: RHB José Canó 0-0: Foul Ball, location: 2F
0-1: Called Strike
0-2: Ground out 6-3 (Groundball, 6)
Top of the 3rd over - 0 run(s), 0 hit(s), 0 error(s), 0 left on base; Put-In-Bay 4 - South Beach 0
BOTTOM OF THE 3RD
South Beach Blaze batting - Pitching for Put-In-Bay BC : LHP Brandeis Vogt
Batting: SHB Miguel Pérez 0-0: Ground out 3-1 (Groundball, 3)
Batting: LHB Gregg Young 0-0: Called Strike
0-1: Called Strike
0-2: Foul Ball, location: 2F
0-2: Foul Ball, location: 2F
0-2: Ball
1-2: Strikes out swinging
Batting: RHB Ted Cook 0-0: Foul Ball, location: 2F
0-1: Ball
1-1: Ball
2-1: Ball
3-1: DOUBLE (Groundball, 5L)
Batting: RHB Jorge Maestas 0-0: Ground out 6-3 (Groundball, 6MS)
Bottom of the 3rd over - 0 run(s), 1 hit(s), 0 error(s), 1 left on base; Put-In-Bay 4 - South Beach 0
TOP OF THE 4TH
Put-In-Bay BC batting - Pitching for South Beach Blaze : RHP Rafael García
Batting: LHB Felipe Martínez 0-0: Foul Ball, location: 2F
0-1: Fly out, F9 (Flyball, 89M)
Batting: SHB Álex Gutiérrez 0-0: Foul Ball, location: 2F
0-1: Ball
1-1: Ball
2-1: Called Strike
2-2: Ball
3-2: Base on Balls
Batting: LHB José Ortega 0-0: Called Strike
0-1: Called Strike
0-2: Hit by Pitch
Álex Gutiérrez to second
Batting: RHB Eddie Davis 0-0: Ball
1-0: SINGLE (Groundball, 6M)
Álex Gutiérrez to third
José Ortega to second
Runner from 3rd tries for Home, SAFE, no throw or cutoff
Batting: LHB Yannick Hendriksen 0-0: Swinging Strike
0-1: Ball
José Ortega is caught stealing 3rd base
Eddie Davis to second
1-1: Swinging Strike
1-2: Ball
2-2: Ball
3-2: SINGLE (Line Drive, 8RS)
Eddie Davis to third
Eddie Davis scores
Pitching: LHP Vitorio Méndez
Batting: RHB Pil-joong Pak 0-0: Called Strike
0-1: Ball
1-1: Called Strike
1-2: Ball
2-2: Fly out, F8 (Line Drive, 8LM)
Top of the 4th over - 2 run(s), 2 hit(s), 0 error(s), 1 left on base; Put-In-Bay 6 - South Beach 0
BOTTOM OF THE 4TH
South Beach Blaze batting - Pitching for Put-In-Bay BC : LHP Brandeis Vogt
Batting: LHB Tomás Mejía 0-0: Called Strike
0-1: Foul Ball, location: 2F
0-2: Fly out, F9 (Line Drive, 89M)
Batting: RHB León Domínguez 0-0: Swinging Strike
0-1: Foul Ball, location: 2F
0-2: Fly out, F3 (Popup, 3SF)
Batting: RHB Lloyd Alberink 0-0: Called Strike
0-1: DOUBLE (Flyball, 8RM)
Batting: RHB Randy Rehling 0-0: Foul Ball, location: 2F
0-1: Ground out 6-3 (Groundball, 6)
Bottom of the 4th over - 0 run(s), 1 hit(s), 0 error(s), 1 left on base; Put-In-Bay 6 - South Beach 0
TOP OF THE 5TH
Put-In-Bay BC batting - Pitching for South Beach Blaze : LHP Vitorio Méndez
Batting: RHB Pedro Pérez 0-0: Called Strike
0-1: Ground out 4-3 (Groundball, 4)
Batting: RHB Carlos Trujillo 0-0: Ball
1-0: Called Strike
1-1: Fly out, F9 (Flyball, 9LM)
Batting: RHB José Canó 0-0: Foul Ball, location: 2F
0-1: Ball
1-1: Swinging Strike
1-2: Ball
2-2: Strikes out swinging
Top of the 5th over - 0 run(s), 0 hit(s), 0 error(s), 0 left on base; Put-In-Bay 6 - South Beach 0
BOTTOM OF THE 5TH
South Beach Blaze batting - Pitching for Put-In-Bay BC : LHP Brandeis Vogt
Batting: RHB Júlio Molina 0-0: Ball
1-0: Fly out, F9 (Flyball, 89M)
Batting: SHB Miguel Pérez 0-0: Ball
1-0: Foul Ball, location: 2F
1-1: Ball
2-1: Foul Ball, location: 2F
2-2: Ball
3-2: Foul Ball, location: 2F
3-2: Strikes out swinging
Batting: LHB Gregg Young 0-0: Ball
1-0: Ball
2-0: Foul Ball, location: 2F
2-1: Foul Ball, location: 2F
2-2: Ball
3-2: Foul Ball, location: 2F
3-2: Fly out, F7 (Popup, 8LS)
Bottom of the 5th over - 0 run(s), 0 hit(s), 0 error(s), 0 left on base; Put-In-Bay 6 - South Beach 0
TOP OF THE 6TH
Put-In-Bay BC batting - Pitching for South Beach Blaze : LHP Vitorio Méndez
Batting: LHB Felipe Martínez 0-0: Swinging Strike
0-1: Foul Ball, location: 2F
0-2: Ground out 4-3 (Groundball, 34)
Batting: SHB Álex Gutiérrez 0-0: Ball
1-0: Foul Ball, location: 2F
1-1: Ball
2-1: Called Strike
2-2: Foul Ball, location: 2F
2-2: Strikes out looking
Batting: LHB José Ortega 0-0: Called Strike
0-1: Swinging Strike
0-2: Foul Ball, location: 2F
0-2: Ball
1-2: Ball
2-2: Strikes out looking
Top of the 6th over - 0 run(s), 0 hit(s), 0 error(s), 0 left on base; Put-In-Bay 6 - South Beach 0
BOTTOM OF THE 6TH
South Beach Blaze batting - Pitching for Put-In-Bay BC : LHP Brandeis Vogt
Batting: RHB Ted Cook 0-0: Fly out, F4 (Popup, 4M)
Batting: RHB Jorge Maestas 0-0: Swinging Strike
0-1: Ball
1-1: DOUBLE (Line Drive, 78M)
Batting: LHB Tomás Mejía 0-0: Ball
1-0: Ball
2-0: Called Strike
2-1: Foul Ball, location: 2F
2-2: Foul Ball, location: 2F
2-2: Fly out, F9 (Line Drive, 89M)
Batting: RHB León Domínguez 0-0: SINGLE (Groundball, 6MD)
Jorge Maestas to third
Runner from 3rd tries for Home, SAFE, no throw or cutoff
Batting: RHB Lloyd Alberink 0-0: Called Strike
0-1: SINGLE (Groundball, 5D)
León Domínguez to second
Batting: RHB Randy Rehling 0-0: Foul Ball, location: 2F
0-1: Fly out, F7 (Flyball, 7M)
Bottom of the 6th over - 1 run(s), 3 hit(s), 0 error(s), 2 left on base; Put-In-Bay 6 - South Beach 1
TOP OF THE 7TH
Put-In-Bay BC batting - Pitching for South Beach Blaze : LHP Vitorio Méndez
Batting: RHB Eddie Davis 0-0: Called Strike
0-1: Fly out, F7 (Flyball, 78XD)
Batting: LHB Yannick Hendriksen 0-0: Called Strike
0-1: Ball
1-1: Fly out, F4 (Line Drive, 4MD)
Batting: RHB Pil-joong Pak 0-0: Ball
1-0: Ball
2-0: Ball
3-0: Called Strike
3-1: SINGLE (Line Drive, 6M)
Batting: RHB Pedro Pérez 0-0: Ball
1-0: Ball
2-0: Fly out, F5 (Popup, 5F)
Top of the 7th over - 0 run(s), 1 hit(s), 0 error(s), 1 left on base; Put-In-Bay 6 - South Beach 1
BOTTOM OF THE 7TH
South Beach Blaze batting - Pitching for Put-In-Bay BC : LHP Brandeis Vogt
Batting: RHB Júlio Molina 0-0: Ball
1-0: Foul Ball, location: 2F
1-1: Called Strike
1-2: Strikes out swinging
Batting: SHB Miguel Pérez 0-0: Ball
1-0: Called Strike
1-1: Swinging Strike
1-2: Foul Ball, location: 2F
1-2: Strikes out looking
Batting: LHB Gregg Young 0-0: Ground out 3-1 (Groundball, 34)
Bottom of the 7th over - 0 run(s), 0 hit(s), 0 error(s), 0 left on base; Put-In-Bay 6 - South Beach 1
TOP OF THE 8TH
Put-In-Bay BC batting - Pitching for South Beach Blaze : LHP Vitorio Méndez
Batting: RHB Carlos Trujillo 0-0: Called Strike
0-1: Ball
1-1: Ball
2-1: SINGLE (Line Drive, 7S)
Batting: RHB José Canó 0-0: Bunted foul
0-1: Bunt missed!
0-2: Foul Ball, location: 2F
0-2: Grounds into double play, 5-4-3 (Groundball, 5L)
Batting: LHB Felipe Martínez 0-0: Foul Ball, location: 2F
0-1: Ball
1-1: Ball
2-1: Ball
3-1: Called Strike
3-2: Foul Ball, location: 2F
3-2: Fly out, F4 (Popup, 4D)
Top of the 8th over - 0 run(s), 1 hit(s), 0 error(s), 0 left on base; Put-In-Bay 6 - South Beach 1
BOTTOM OF THE 8TH
South Beach Blaze batting - Pitching for Put-In-Bay BC : LHP Brandeis Vogt
Batting: RHB Ted Cook 0-0: Ball
1-0: Ball
2-0: Foul Ball, location: 2F
2-1: Ball
3-1: Called Strike
3-2: Foul Ball, location: 2F
3-2: Fly out, F7 (Flyball, 7LM)
Batting: RHB Jorge Maestas 0-0: Ball
1-0: Ground out 5-3 (Groundball, 5S)
Batting: LHB Tomás Mejía 0-0: Ball
1-0: Called Strike
1-1: Called Strike
1-2: Ground out 4-3 (Groundball, 34)
Bottom of the 8th over - 0 run(s), 0 hit(s), 0 error(s), 0 left on base; Put-In-Bay 6 - South Beach 1
TOP OF THE 9TH
Put-In-Bay BC batting - Pitching for South Beach Blaze : LHP Vitorio Méndez
Batting: SHB Álex Gutiérrez 0-0: Ball
1-0: Foul Ball, location: 2F
1-1: DOUBLE (Flyball, 89D)
Batting: LHB José Ortega 0-0: Called Strike
0-1: Called Strike
0-2: Ball
1-2: Strikes out looking
Batting: RHB Eddie Davis 0-0: Foul Ball, location: 2F
0-1: Foul Ball, location: 2F
0-2: Ball
1-2: Fly out, F4 (Flyball, 9S)
Batting: LHB Yannick Hendriksen 0-0: Ball
1-0: Ball
2-0: Ball
3-0: Called Strike
3-1: Foul Ball, location: 2F
3-2: Base on Balls
Batting: RHB Pil-joong Pak 0-0: Foul Ball, location: 2F
0-1: Ball
1-1: Called Strike
1-2: Ball
2-2: Foul Ball, location: 2F
2-2: Foul Ball, location: 2F
2-2: Foul Ball, location: 2F
2-2: Fly out, F8 (Flyball, 89M)
Top of the 9th over - 0 run(s), 1 hit(s), 0 error(s), 2 left on base; Put-In-Bay 6 - South Beach 1
BOTTOM OF THE 9TH
South Beach Blaze batting - Pitching for Put-In-Bay BC : LHP Brandeis Vogt
Pitching: RHP Elvin Glass
Batting: RHB León Domínguez 0-0: Called Strike
0-1: Ball
1-1: Foul Ball, location: 2F
1-2: Strikes out swinging
Batting: RHB Lloyd Alberink 0-0: Ball
1-0: Ball
2-0: Foul Ball, location: 2F
2-1: Fly out, F9 (Flyball, 89M)
Batting: RHB Randy Rehling 0-0: Ball
1-0: Fly out, F8 (Line Drive, 8LM)
Bottom of the 9th over - 0 run(s), 0 hit(s), 0 error(s), 0 left on base; Put-In-Bay 6 - South Beach 1
This league is powered by Out of the Park Baseball, the baseball management simulation game for PC, Mac and Linux
Friday, October 23rd, 2015 - OOTP Baseball 16.9 Build 39